 Dungeon Crawl Stone Soup version 0.29.1-15-g9cfb28693d (webtiles) character file.

Game seed: 8510786814120104611

25393 coffeetime the Destroyer (level 12, -17/91 HPs)
             Began as a Demigod Conjurer on July 4, 2023.
             Demolished by a very large slime creature (57 damage)
             ... on level 14 of the Dungeon.
             The game lasted 01:34:00 (15974 turns).

coffeetime the Destroyer (Demigod Conjurer)        Turns: 15974, Time: 01:34:00

Health: -17/91     AC: 12    Str:  8    XL:     12   Next: 53%
Magic:  13/38      EV: 10    Int: 36    God:
Gold:   864        SH:  5    Dex: 12    Spells: 10/29 levels left

rFire   + . .      SeeInvis .   a - staff of conjuration
rCold   . . .      Faith    .   (no shield)
rNeg    . . .      Spirit   .   X - +2 scale mail {rC+}
rPois   .          Reflect  +   (no helmet)
rElec   .          Harm     .   q - +0 cloak
rCorr   .          Rampage  .   (no gloves)
Will    +....                   T - +0 pair of boots
Stlth   +.........              w - amulet "Tacziofa" {Reflect MP+9 SH+5}
HPRegen 0.25/turn               f - ring of wizardry
MPRegen 0.26/turn               V - ring of fire

@: no status effects
A: high MP 1, forlorn, divine attributes
a: no special abilities


You were on level 14 of the Dungeon.
You visited 1 branch of the dungeon, and saw 14 of its levels.
You also visited: Ice Cave.

You collected 939 gold pieces.
You spent 75 gold pieces at shops.

Inventory:

Hand Weapons
 b - a +2 shortbow of freezing
 j - a +3 whip of pain
 m - a +2 scimitar of flaming
 I - a +1 demon blade of freezing
Missiles
 c - a throwing net
 e - 15 poisoned darts
 G - 12 boomerangs
Armour
 q - a +0 cloak (worn)
 T - a +0 pair of boots (worn)
 W - a +0 troll leather armour
 X - a +2 scale mail of cold resistance (worn)
Magical Staves
 a - a staff of conjuration (weapon)
Jewellery
 f - a ring of wizardry (left hand)
 s - a ring of flight
 u - an amulet of regeneration
 v - the ring of Luecs {rPois rC- MP+9 Str+3 SInv}
   (You found it on level 3 of the Dungeon)

   [ring of see invisible]

   Str:       It affects your strength (+3).
   rC:        It makes you vulnerable to cold.
   rPois:     It protects you from poison.
   MP:        It affects your magic capacity (+9).
   SInv:      It lets you see invisible.
 w - the amulet "Tacziofa" (around neck) {Reflect MP+9 SH+5}
   (You found it on level 3 of the Dungeon)

   [amulet of reflection]

   It reflects blocked missile attacks.
   MP:        It affects your magic capacity (+9).
   SH:        It affects your SH (+5).
 V - a ring of fire (right hand)
 Y - a ring of ice
Wands
 B - a wand of roots (4) (quivered)
 Z - a wand of flame (4)
Scrolls
 k - 8 scrolls of teleportation
 l - a scroll of torment
 o - 3 scrolls of enchant weapon
 p - 5 scrolls of summoning
 t - 2 scrolls of silence
 x - 3 scrolls of blinking
 y - a scroll of immolation
 E - a scroll of fear
 F - 2 scrolls of enchant armour
 J - 2 scrolls of noise {unknown}
 M - 2 scrolls of acquirement {unknown}
 N - a scroll of magic mapping {unknown}
 U - 2 scrolls of poison {unknown}
Potions
 d - a potion of berserk rage
 g - a potion of flight
 i - 9 potions of might
 n - 3 potions of brilliance {unknown}
 r - 4 potions of curing
 z - 2 potions of lignification {unknown}
 A - a potion of attraction {unknown}
 C - 3 potions of ambrosia {unknown}
 H - a potion of magic
 K - a potion of resistance {unknown}
 L - 7 potions of heal wounds {unknown}
 P - 2 potions of cancellation {unknown}
 R - 2 potions of haste {unknown}
 S - a potion of invisibility {unknown}
Miscellaneous
 h - a lightning rod (2/4)
 D - a phial of floods


   Skills:
 - Level 4.3 Fighting
 - Level 8.0 Armour
 - Level 8.0 Dodging
 - Level 3.1 Stealth
 + Level 9.1 Spellcasting
 * Level 11.3 Conjurations
 - Level 0.2 Hexes
 - Level 5.1 Summonings
 - Level 0.2 Translocations
 - Level 0.4 Earth Magic
 - Level 5.0 Evocations


You had 10 spell levels left.
You knew the following spells:

 Your Spells              Type           Power      Damage    Failure   Level
a - Magic Dart            Conj           100%       1d8       1%          1
b - Searing Ray           Conj           100%       2d8       1%          2
c - Iskenderun's Mystic   Conj/Tloc      72%        2d15      6%          4
d - Passwall              Tmut/Erth      15%        N/A       10%         2
e - Stone Arrow           Conj/Erth      100%       3d13      1%          3
f - Fulminant Prism       Conj/Hex       36%        3d18      6%          4
g - Summon Guardian Gole  Hex/Summ       35%        N/A       7%          3

Your spell library contained the following spells:

 Spells                   Type           Power      Damage    Failure   Level
 Dazzling Flash           Conj/Hex       100%       N/A       1%          3
 Sandblast                Erth           38%        2d10      6%          1
 Beastly Appendage        Tmut           32%        N/A       7%          1
 Wereblood                Tmut           16%        N/A       11%         2
 Spider Form              Tmut/Pois      16%        N/A       21%         3
 Orb of Destruction       Conj           49%        9d13      47%         7
 Olgreb's Toxic Radiance  Pois           16%        N/A       52%         4
 Spellforged Servitor     Conj/Summ      42%        N/A       87%         7
 Ozocubu's Refrigeration  Ice            8%         4d9       100%        7
 Ignition                 Fire           12%        3d6       100%        8


Dungeon Overview and Level Annotations

Branches:
Dungeon (14/15)            Temple (0/1) D:7            Lair (0/5) D:10
    Orc (0/2) D:11          IceCv (visited)
 Vaults: D:13-14

Shops:
D:2 *

Portals:
Trove: D:11 (show abyssal rune of Zot)

Annotations:
D:7 1 exclusion
D:8 Joseph
D:10 7 runed translucent doors, Gastronok; sampeng1's ghost, journeyman HuBe


Innate Abilities, Weirdness & Mutations

You have an increased reservoir of magic. (+10% MP)
You shall have no god before yourself.
Your divine heritage dramatically boosts your attributes as you level up.


Message History

Two slime creatures merge to form a large slime creature.
Two slime creatures merge to form a very large slime creature.
Okay, then.
Aiming: Thunderbolt
Press: ? - help, Shift-Dir - straight line, f/p - very large slime creature
Aim: a very large slime creature (lightly wounded)
The thunderbolt hits the red ugly thing!!
The red ugly thing is severely wounded.
The thunderbolt hits the very large slime creature!
The very large slime creature is moderately wounded.
Aiming: Thunderbolt
Press: ? - help, Shift-Dir - straight line, f/p - very large slime creature
Aim: a very large slime creature (moderately wounded)
The thunderbolt hits the red ugly thing!
The red ugly thing is almost dead.
The thunderbolt hits the very large slime creature!!
The very large slime creature is moderately wounded.
Casting: Iskenderun's Mystic Blast (dangerous; 6% risk of failure)
Confirm with . or Enter, or press ? or * to list all spells.
You don't know that spell.
Casting: Iskenderun's Mystic Blast (dangerous; 6% risk of failure)
Confirm with . or Enter, or press ? or * to list all spells.
You feel a surge of power!
You erupt in a blast of force!
The mystic blast hits the red ugly thing.
The red ugly thing is lightly wounded.
The red ugly thing is knocked back by the mystic blast.
The red ugly thing collides with the cyan ugly thing!
The cyan ugly thing is heavily wounded.
The red ugly thing is lightly wounded.
The mystic blast hits the very large slime creature!
The very large slime creature is heavily wounded.
The very large slime creature is knocked back by the mystic blast.
The very large slime creature collides with the red ugly thing!
The red ugly thing is moderately wounded.
The very large slime creature is heavily wounded.
The very large slime creature hits you!!!
The very large slime creature attacks as you move away!
The very large slime creature hits you!!!
Ouch! That really hurt!
You die...

......##?.# #........
.....#...## ##....###.
..........# #.....# #. .
####......## . . ##....#####
..#..........# .#. #..........
.............###.###...#######
........†.##..##.##..###
..........###.#####.##
.........uuuJ@.###..#
......!...####.###(##
...[......# #..#..#
..........# ##.#.##
.........## #...# .##.....##
##### #######


You could see 3 ugly things and a very large slime creature.

Vanquished Creatures
  A boulder beetle (D:14)
  3 hydras
  2 two-headed ogres
  5 death yaks (IceCv)
  2 manticores
  6 ugly things
  A black mamba (shapeshifter) (D:14)
  A gargoyle (D:14)
  An ice statue (IceCv)
  9 rime drakes
  2 kobold demonologists (D:10)
  An efreet (D:14)
  4 polar bears (IceCv)
  4 trolls
  4 wyverns
  2 shadows (D:12)
  17 yaks
  A steam dragon (D:7)
  3 vampire mosquitoes (D:14)
  3 wargs (D:10)
  An acid dragon (D:11)
  6 orc warriors
  A black bear (D:5)
  3 ice beasts
  An ogre (D:5)
  11 wolves (IceCv)
  5 centaurs
  3 bullfrogs
  A gnoll sergeant (D:9)
  2 necrophages
  2 scorpions
  7 wights
  13 killer bees
  7 howler monkeys
  2 centaur zombies (D:5)
  6 hounds
  A human zombie (D:5)
  11 orc priests
  Terence (D:2)
  3 iguanas
  12 orc wizards
  A hound zombie (D:5)
  4 mummies (D:5)
  A howler monkey zombie (D:5)
  12 adders
  3 gnolls (D:9)
  A white imp (D:7)
  An ufetubus (D:5)
  5 dart slugs
  A worm (D:4)
  49 orcs
  6 endoplasms
  6 giant cockroaches
  6 goblins
  3 hobgoblins
  3 jackals (D:1)
  8 quokkas
  7 ball pythons
  5 bats
  5 frilled lizards
  16 kobolds
  5 rats
319 creatures vanquished.

Vanquished Creatures (others)
  A cyclops (D:12)
  A wraith (D:12)
  9 fulminant prisms
  23 plants
34 creatures vanquished.

Grand Total: 353 creatures vanquished

Notes
Turn   | Place    | Note
-------+----------+-------------------------------------------
     0 | D:1      | coffeetime the Demigod Conjurer began the quest for the
                  | Orb.
     0 | D:1      | Reached XP level 1. HP: 14/14 MP: 5/5
   354 | D:1      | Reached skill level 4 in Conjurations
   547 | D:1      | Reached XP level 2. HP: 20/20 MP: 4/7
   550 | D:1      | Learned a level 2 spell: Searing Ray
  1234 | D:2      | Reached XP level 3. HP: 17/26 MP: 1/8
  1369 | D:2      | Found Posadapa's General Store.
  1378 | D:2      | Bought a +0 cloak for 45 gold pieces
  1378 | D:2      | Bought a scroll of teleportation for 30 gold pieces
  1771 | D:2      | Noticed Terence
  1775 | D:2      | Killed Terence
  2014 | D:2      | Reached XP level 4. HP: 33/33 MP: 5/9
  2501 | D:3      | Reached skill level 5 in Conjurations
  2603 | D:3      | Identified the ring of Luecs {rPois rC- MP+9 Str+3 SInv}
  2673 | D:3      | Identified the amulet "Tacziofa" {Reflect MP+9 SH+5}
  3031 | D:3      | Reached XP level 5. HP: 12/38 MP: 11/11
  3532 | D:4      | Reached skill level 1 in Armour
  3603 | D:4      | Noticed an ogre
  3763 | D:4      | Reached XP level 6. HP: 45/45 MP: 13/13
  3967 | D:5      | Entered Level 5 of the Dungeon
  4205 | D:5      | Reached skill level 1 in Evocations
  4569 | D:5      | Reached skill level 6 in Conjurations
  4652 | D:5      | Reached XP level 7. HP: 42/50 MP: 15/15
  5170 | D:5      | Learned a level 4 spell: Iskenderun's Mystic Blast
  5379 | D:5      | Learned a level 2 spell: Passwall
  5853 | D:6      | Reached skill level 7 in Conjurations
  5853 | D:6      | Reached XP level 8. HP: 19/57 MP: 18/18
  6057 | D:6      | Learned a level 3 spell: Stone Arrow
  6175 | D:6      | Reached skill level 5 in Spellcasting
  7313 | D:7      | Reached skill level 1 in Fighting
  7677 | D:7      | Reached skill level 8 in Conjurations
  7913 | D:7      | Found a staircase to the Ecumenical Temple.
  8405 | D:8      | Reached XP level 9. HP: 62/68 MP: 17/21
  9007 | D:8      | Noticed Joseph
  9056 | D:8      | Noticed a two-headed ogre
 10297 | D:10     | Entered Level 10 of the Dungeon
 10297 | D:10     | Found a staircase to the Lair.
 10515 | D:10     | Reached skill level 9 in Conjurations
 10578 | D:10     | Found a large runed translucent door.
 10578 | D:10     | Found a large runed translucent door.
 10583 | D:10     | Noticed a wizard
 10593 | D:10     | Found a large runed translucent door.
 10593 | D:10     | Found a large runed translucent door.
 10679 | D:10     | Noticed a kobold demonologist
 10680 | D:10     | Noticed a kobold demonologist
 10699 | D:10     | Killed a kobold demonologist
 10700 | D:10     | Reached XP level 10. HP: 74/77 MP: 24/24
 10772 | D:10     | Reached skill level 5 in Armour
 10792 | D:10     | Noticed a two-headed ogre
 10854 | D:10     | Found a runed translucent gate.
 10854 | D:10     | Found a runed translucent gate.
 10854 | D:10     | Found a runed translucent gate.
 10854 | D:10     | Noticed sampeng1's ghost (journeyman HuBe)
 10872 | D:10     | Noticed a two-headed ogre
 10877 | D:10     | Killed a two-headed ogre
 11046 | D:10     | Reached skill level 10 in Conjurations
 11269 | D:10     | Noticed Gastronok
 11299 | D:11     | Noticed a manticore
 11305 | D:11     | Killed a manticore
 11443 | D:11     | Noticed a six-headed hydra
 11516 | D:11     | Found a portal to a secret trove of treasure.
 11627 | D:11     | Reached skill level 11 in Conjurations
 11627 | D:11     | Reached XP level 11. HP: 30/82 MP: 1/25
 11630 | D:11     | Found a frozen archway.
 11647 | IceCv    | Entered an ice cave
 12117 | IceCv    | Noticed a death yak
 12124 | IceCv    | Killed a death yak
 12298 | IceCv    | Noticed a death yak
 12303 | IceCv    | Killed a death yak
 12303 | IceCv    | Noticed a frost giant
 12583 | IceCv    | Noticed a death yak
 12618 | IceCv    | Learned a level 4 spell: Fulminant Prism
 12911 | IceCv    | Reached skill level 5 in Dodging
 12953 | IceCv    | Noticed a death yak
 12955 | IceCv    | Noticed a death yak
 12961 | IceCv    | Killed a death yak
 12964 | IceCv    | Killed a death yak
 12984 | IceCv    | Killed a death yak
 13658 | D:11     | Found a staircase to the Orcish Mines.
 13781 | D:11     | Killed a six-headed hydra
 13803 | D:11     | Reached skill level 5 in Evocations
 13807 | D:11     | Learned a level 3 spell: Summon Guardian Golem
 13909 | D:11     | Noticed a six-headed hydra
 13922 | D:11     | Killed a six-headed hydra
 13923 | D:11     | Reached skill level 1 in Summonings
 13928 | D:11     | Reached XP level 12. HP: 88/89 MP: 29/29
 14278 | D:12     | Noticed a two-headed ogre
 14295 | D:12     | Killed a two-headed ogre
 14971 | D:12     | You fall into a shaft and drop 2 floors!
 15590 | D:14     | Noticed a boulder beetle
 15596 | D:14     | Noticed a five-headed hydra
 15602 | D:14     | Killed a boulder beetle
 15603 | D:14     | Killed a five-headed hydra
 15604 | D:14     | Reached skill level 5 in Summonings
 15974 | D:14     | Demolished by a very large slime creature

Illustrated notes

Levels and vault maps discovered:
D:1:      spicycebolla_green_bress_n_ham_2, layout_loops_ring
D:2:      layout_basic, serial_shops,
          nicolae_shop_temple_entry_statues_fountains,
          shapermc_ecumenical_altar_mp_highgroup, uniq_terence
D:3:      minmay_chambers_of_twos, layout_basic
D:4:      layout_rooms, nicolae_elyvilon_temple_path
D:5:      layout_cave_pools, lemuel_mausoleum_altar_yredelemnul,
          nicolae_overflow_hallway_of_the_gods
D:6:      nicolae_cairo_tiling_large_dashed, layout_loops_ring,
          nicolae_overflow_hidden_temple, nicolae_qazlal_general_emergency,
          corner_web_ring, minmay_misc_feat_rows
D:7:      layout_loops_corners, minmay_temple_entry_antechambers
D:8:      layout_layer_cave, mainiacjoe_overflow_paths, grunt_ministairs_14,
          nicolae_looking_at_the_future, uniq_joseph
D:9:      layout_basic, mainiacjoe_overflow_boulevard
D:10:     layout_stronghold, nicolae_ashenzari_panopticon,
          erik_lair_orcish_takeover, gammafunk_ghost_necromancy,
          minmay_hollow_rounded_squares, uniq_gastronok
D:11:     layout_roguey, hiddenorc1_lemuel, enter_trove_2, portal_ice_cave_rime,
          fedhas_altar_1
D:12:     layout_layer_cave
D:13:     layout_basic, uniq_nessos
D:14:     minmay_the_grid_triangle_9x9_recursive_3
          [minmay_the_grid_triangle_9x9_thin_v,
          minmay_the_grid_triangle_9x9_impossible_snake,
          minmay_the_grid_triangle_9x9_shrine,
          minmay_the_grid_triangle_9x9_prize_top_heavy,
          minmay_the_grid_triangle_9x9_dagger,
          minmay_the_grid_triangle_9x9_stretched_checkered,
          minmay_the_grid_triangle_9x9_swiss_cheese,
          minmay_the_grid_triangle_9x9_limited_checkers,
          minmay_the_grid_triangle_9x9_wacky_v], layout_rooms,
          dreamdust_wishing_well

Skill      XL: |  1  2  3  4  5  6  7  8  9 10 11 12 |
---------------+-------------------------------------+-----
Conjurations   | 4 5 6 7 8 9 11 | 11.3
Stealth        | 2 3 |  3.1
Spellcasting   | 2 3 4 6 7 9 |  9.1
Dodging        | 2 3 6 8 |  8.0
Armour         | 1 4 7 8 |  8.0
Evocations     | 1 3 5 |  5.0
Fighting       | 2 3 4 |  4.3
Summonings     | 1 5 |  5.1
Hexes          | |  0.2
Translocations | |  0.2
Earth Magic    | |  0.4

Action                   |  1- 3 |  4- 6 |  7- 9 | 10-12 || total
-------------------------+-------+-------+-------+-------++-------
Melee: Flail             |     9 |       |       |       ||     9
       Staff             |     1 |    14 |     9 |    43 ||    67
       Great sword       |       |     1 |    14 |       ||    15
       Long sword        |       |       |     9 |    17 ||    26
       Punch             |       |       |       |     1 ||     1
 Cast: Magic Dart        |    43 |    76 |    28 |    36 ||   183
       Searing Ray       |     5 |    27 |    13 |     1 ||    46
       Stone Arrow       |       |       |   113 |   168 ||   281
       Iskenderun's Myst |       |       |     8 |    41 ||    49
       Passwall          |       |       |     1 |       ||     1
       Fulminant Prism   |       |       |       |     9 ||     9
       Summon Guardian G |       |       |       |     5 ||     5
Evoke: Wand              |       |       |     2 |    19 ||    21
       Lightning rod     |       |       |       |     8 ||     8
  Use: Scroll            |       |       |     6 |     7 ||    13
Armor: Robe              |     3 |       |       |       ||     3
       Leather armour    |       |    18 |    11 |       ||    29
       Scale mail        |       |       |    16 |    41 ||    57
Dodge: Dodged            |    11 |    26 |    59 |    57 ||   153
Block: Other             |       |    14 |    23 |    32 ||    69
       Reflection        |       |     1 |     3 |     2 ||     6
